 Dungeon Crawl Stone Soup version 0.27-a0-1200-g94dc6ad4cf (webtiles) character file.

Game seed: 6897398002744333748

20 senseless the Chopper (level 2, 0/31 HPs)
             Began as an Octopode Berserker on May 31, 2021.
             Was a Follower of Trog.
             Slain by an adder (3 damage)
             ... on level 2 of the Dungeon.
             The game lasted 00:02:04 (1192 turns).

senseless the Chopper (Octopode Berserker)          Turns: 1192, Time: 00:02:05

Health: 0/31       AC:  1    Str: 16    XL:     2   Next: 79%
Magic:  2/2        EV: 13    Int:  9    God:    Trog [*.....]
Gold:   78         SH:  0    Dex: 11    Spells: 1/1 levels left

rFire    . . .     SeeInvis .   a - +0 hand axe
rCold    . . .     Faith    .   (no shield)
rNeg     . . .     Spirit   .   (helmet restricted)
rPois    .         Reflect  .   (no amulet)
rElec    .         Harm     .   (no ring)
rCorr    .         Rampage  .   (no ring)
Will     .....                  (no ring)
Stlth    ..........             (no ring)
HPRegen  0.10/turn              (no ring)
MPRegen  0.08/turn              (no ring)
                                (no ring)
                                (no ring)

@: berserking, very quick
A: almost no armour, amphibious, 8 rings, camouflage 1, gelatinous body 1,
(nimble swimmer 1), tentacles
a: Renounce Religion, Berserk


You were on level 2 of the Dungeon.
You worshipped Trog.
Trog was aware of your devotion.
You visited 1 branch of the dungeon, and saw 2 of its levels.

You collected 78 gold pieces.

Inventory:

Hand Weapons
 a - a +0 hand axe (weapon)
Scrolls
 b - a scroll of enchant weapon {unknown}
Potions
 c - 2 potions of curing {unknown}
 e - 2 potions of haste {unknown}


   Skills:
 + Level 3.2 Fighting
 + Level 3.5 Axes
 + Level 3.1 Dodging
 + Level 0.7 Stealth


You had one spell level left.
You didn't know any spells.
Your spell library was empty.

Dungeon Overview and Level Annotations

Branches:
Dungeon (2/15)

Altars:


Innate Abilities, Weirdness & Mutations

You cannot wear most types of armour.
You are amphibious.
You can wear up to eight rings at the same time.
Your skin changes colour to match your surroundings (Stealth+).
Your rubbery body absorbs attacks. (AC +1, EV +1)
((You are camouflaged near water. (Stealth+)))
You have tentacles for arms and can constrict up to eight enemies at once.


Message History

The bat hits you.
You hit the bat.
You kill the bat!
Trog accepts your kill.
No target in view!
You now have 78 gold pieces (gained 9).
You open the door.
A rat comes into view.
Found a stone staircase leading up.
There is an open door here.
The helpless rat fails to defend itself.
You hit the rat.
You kill the rat!
Trog accepts your kill.
Found 21 stones.
A kobold comes into view. It is wielding a +0 short sword.
Found an escape hatch in the floor.
The kobold shouts!
You hear an angry hiss.
An adder comes into view.
The adder hisses angrily.
Found an encrusted jade ring.
The kobold hits you with a +0 short sword.
The adder bites you. The adder bites you.
You miss the adder. Your grab misses the adder. You hit the kobold.
The kobold hits you with a +0 short sword.
The adder misses you.
The kobold hits you with a +0 short sword.
* * * LOW HITPOINT WARNING * * *
You are too injured to fight recklessly!
A red film seems to cover your vision as you go berserk!
You feel yourself moving faster!
You feel mighty! The adder barely misses you.
The adder bites you but does no damage.
The kobold hits you with a +0 short sword.
* * * LOW HITPOINT WARNING * * *
You hit the kobold.
You kill the kobold!
Trog accepts your kill.
You hit the adder. The adder bites you.
You die...

...##.##.......#.#
###.##.##.......#(#
#.##.##.......#.##
#. #.##.......#..#
#.##........#.#
#........#.#
#........#.#
#####....#.#
+..@.#.#
#..)S#+######
####........#
#........+
#......=.#
#....>...#
#........#
..........
##########


You could see an adder.

Vanquished Creatures
  2 ball pythons
  4 bats
  2 endoplasms (D:1)
  A giant cockroach (D:1)
  2 goblins (D:1)
  2 kobolds
  2 quokkas (D:1)
  2 frilled lizards (D:1)
  A rat (D:2)
18 creatures vanquished.

Notes
Turn   | Place    | Note
-------+----------+-------------------------------------------
     0 | D:1      | senseless the Octopode Berserker began the quest for the
                  | Orb.
     0 | D:1      | Reached XP level 1. HP: 16/16 MP: 1/1
    41 | D:1      | Found a faded altar of an unknown god.
   486 | D:1      | Reached XP level 2. HP: 12/21 MP: 2/2
  1192 | D:2      | Slain by an adder

Illustrated notes

Levels and vault maps discovered:
D:1:      dpeg_arrival_round_c, layout_loops_ring,
          ebering_ecumenical_altar_hall, minmay_misc_feat_columns,
          minmay_misc_feat_four_crosses, chequers_serial_rivers_small_3,
          minmay_hexomino_f4
D:2:      layout_basic, dk_noncrumbling_4, chequers_serial_rivers_micro_c

Action                   || total
-------------------------++-------
Melee: Hand axe          ||    32
       Constrict         ||     4
       Tentacles         ||     3
Invok: Berserk           ||     1
  Use: Scroll            ||     2
 Stab: Sleeping          ||     4
Armor: Skin              ||     3
Dodge: Dodged            ||    17

Table legend: (Time is in decaauts)
 A = Elapsed time spent in this place.
 B = Non-inter-level travel time spent in this place.
 C = Inter-level travel time spent in this place.
 D = Time resting spent in this place.
 E = Time spent auto-exploring this place.
 F = Levels seen in this place.
 G = Mean time per level.
                   A        B        C        D        E       F      G
               +--------+--------+--------+--------+--------+-----+--------+
         Total |   1195 |   1155 |     40 |      0 |   1057 |   2 |  597.5 |
       Dungeon |   1195 |   1155 |     40 |      0 |   1057 |   2 |  597.5 |
               +--------+--------+--------+--------+--------+-----+--------+

Top non-repeatable levels by time:
     D:1: 1042 daAuts
     D:2: 153 daAuts
